 Dungeon Crawl Stone Soup version 0.20.0-8-g6b59dc7 (webtiles) character file.

86235 pappabj0rn the Fighter (level 15, -2/208 HPs)
             Began as a Minotaur Fighter on May 29, 2017.
             Was the Champion of Okawaru.
             Slain by a four-headed hydra (10 damage)
             ... summoned by a boggart
             ... on level 15 of the Dungeon on June 2, 2017.
             The game lasted 07:01:17 (25699 turns).

pappabj0rn the Fighter (Minotaur Fighter)          Turns: 25699, Time: 07:01:18

Health: -2/208     AC: 30    Str: 25    XL:     15   Next: 40%
Magic:  0/14       EV:  2    Int:  6    God:    Okawaru [******]
Gold:   1217       SH: 16    Dex: 13    Spells: 14/16 levels left

rFire    . . .     SeeInvis .   D - +2 scimitar (flame)
rCold    . . .     Gourm    .   c - +0 shield
rNeg     + + +     Faith    .   (armour currently unavailable)
rPois    +         Spirit   +   (helmet unavailable)
rElec    .         Reflect  .   (cloak currently unavailable)
rCorr    .         Harm     .   (gloves currently unavailable)
MR       +....     NoTele   +   (boots currently unavailable)
Stlth    ++++......             q - amulet of guardian spirit
Regen    0.5/turn               w - +3 ring of protection
MPRegen  0.2/turn               Y - +3 ring of evasion

@: tree-form, heroism
A: (retaliatory headbutt), low mp 1, strong 1, wild magic 1
a: Heroism, Finesse, Renounce Religion


You were on level 15 of the Dungeon.
You worshipped Okawaru.
Okawaru was exalted by your worship.
You were not hungry.
You were a tree.
You visited 3 branches of the dungeon, and saw 22 of its levels.
You also visited: Ossuary.

You collected 1664 gold pieces.
You spent 447 gold pieces at shops.

Inventory:

Hand Weapons
 n - a +4 hunting sling
 t - a +2 double sword of freezing
 D - a +2 scimitar of flaming (weapon)
 G - a +5 long sword
 J - a +1 blowgun
Missiles
 b - 3 javelins
 A - 560 stones (quivered)
 F - 139 sling bullets
 K - 113 poisoned needles
 W - 7 needles of paralysis
Armour
 c - a +0 shield (worn)
 d - a +2 cloak (melded)
 e - a +2 scale mail of fire resistance
 o - the +13 plate armour of Modesty (melded) {rPois MR+}
   (You found it on level 7 of the Dungeon)

   It protects you from poison.
   It affects your resistance to hostile enchantments.
 M - a +1 pair of gloves (melded)
 U - a +1 pair of boots (melded)
Jewellery
 m - the ring "Qun Loc" {Int+5 Stlth+}
   (You found it on level 7 of the Dungeon)

   [ring of stealth]

   It affects your intelligence (+5).
   It makes you more stealthy.
 q - an amulet of guardian spirit (around neck)
 w - a +3 ring of protection (left branch)
 C - an uncursed amulet of magic regeneration
 E - the ring of Shadows {Umbra +Inv Stlth+}
   (You found it on level 4 of the Dungeon)

   [ring of stealth]

   It lets you turn invisible.
   It makes you more stealthy.
 R - an uncursed ring of flight
 S - an uncursed ring of ice
 Y - a +3 ring of evasion (right branch)
Wands
 a - a wand of flame (10/48)
 y - a wand of digging (16/24)
 B - a wand of confusion (38/48)
 N - a wand of iceblast (4/15)
 V - a wand of enslavement (16/24)
 X - a wand of disintegration (7/24)
 Z - a wand of polymorph (7/24)
Scrolls
 g - 2 scrolls of silence
 i - 12 scrolls of identify
 k - 13 scrolls of teleportation
 l - 10 scrolls of remove curse
 p - 3 scrolls of fog
 v - 2 scrolls of recharging
 x - 3 scrolls of amnesia
 P - 5 scrolls of magic mapping
 T - 2 scrolls of immolation
Potions
 h - 3 potions of might
 s - a potion of cancellation
 z - 5 potions of flight
 Q - 2 potions of invisibility
Miscellaneous
 O - a phial of floods (inert)
Comestibles
 f - 9 bread rations
 j - 24 royal jellies
 u - 8 fruits
 I - 2 meat rations


   Skills:
 * Level 14.6(19.6) Fighting
   Level 8.6(16.8) Short Blades
 * Level 13.9(19.8) Long Blades
   Level 3.9(8.9) Axes
 - Level 2.9(12.2) Slings
   Level 2.2(7.2) Bows
 + Level 9.5(14.7) Throwing
 + Level 12.9(17.9) Armour
 - Level 6.4(11.4) Dodging
 - Level 2.9(7.9) Stealth
 + Level 14.2(19.2) Shields
 - Level 2.3(7.3) Unarmed Combat
 - Level 1.4 Spellcasting
 - Level 2.2 Invocations
 - Level 2.2 Evocations


You had 14 spell levels left.
You knew the following spells:

 Your Spells              Type           Power        Failure   Level  Hunger
a - Slow                  Hex            #.......     63%         2    ###....


Dungeon Overview and Level Annotations

Branches:
Dungeon (15/15)            Temple (1/1) D:7            Lair (6/6) D:10
  Swamp (0/4) Lair:3        Snake (0/4) Lair:4        Slime (0/5) Lair:6
    Orc (0/2) D:12         Vaults (0/5) D:14
 Depths: D:15

Altars:
Ashenzari
Cheibriados
Dithmenos
Elyvilon
Fedhas
Gozag
Hepliaklqana
Kikubaaqudgha
Makhleb
Nemelex Xobeh
Okawaru
Qazlal
Ru
Sif Muna
Trog
Uskayaw
Vehumet
Xom
Yredelemnul
Zin
The Shining One
Jiyva

Shops:
D:4 [*:[*   D:6 *   D:7 *?   D:8 (   D:9 *   D:13 [   D:15 }

Annotations:
Lair:1 exclusion: oklob plant
Lair:3 exclusion: oklob plant
Lair:4 exclusion: 4 oklob plants
Lair:6 exclusion: 3 oklob plants


Innate Abilities, Weirdness & Mutations

((You reflexively headbutt those who attack you in melee.))
((You have a pair of large horns on your head.))
((You have sharp fingernails.))
((You are partially covered in thin metallic scales. (AC +2)))
Your magical capacity is low. (-10% MP)
Your muscles are strong. (Str +2)
Your spells are a little harder to cast, but a little more powerful.


Message History

The five-headed hydra is lightly wounded.
The hippogriff bites your water elemental.
The hippogriff pecks your water elemental!
Your water elemental is destroyed!
The five-headed hydra bites you but does no damage.
The five-headed hydra bites you.
* * * LOW HITPOINT WARNING * * *
The five-headed hydra bites you.
* * * LOW HITPOINT WARNING * * *
You block the five-headed hydra's attack. x2
You cannot move.
Your +2 scimitar of flaming bursts into flame!
D - a +2 scimitar of flaming (weapon)
The centaur shouts!
You slice one of the five-headed hydra's heads off!
The flame cauterises the wound!
You slash the four-headed hydra! You burn the four-headed hydra.
The four-headed hydra is moderately wounded.
The four-headed hydra bites you!
You die... # ............####........ ..............)......... ### ..............##........ ... ...............##....... #### #..............###.....# ...# g #.####.........# ####### ...# gu.

###H9##.)......#### ## ...#
#.c#cccc##..........# #.
...# #ccC.ccD♣H.........# #.
...#
###gyye##≈{........#####.
...##
##Dg###.......(.())..(.
....# ####...##.....(..)....
##.# #...#####........####.
##.# #................# ##
##.## ##.....<##)[)....##
##..### ###....##.##)......#
......###.#.....#...<......#


You could see a four-headed hydra, a centaur warrior, a manticore, a cyclops, 3
yaktaurs, a hippogriff, a deep elf mage, an acid dragon, a gargoyle, 2 meliai, 5
centaurs and 2 boggarts.

Vanquished Creatures
  The ghost of MTVSty1e the Severer, a journeyman MiMo of Okawaru (Lair:6)
  2 fire dragons
  A centaur warrior (D:13)
  5 hydras
  7 two-headed ogres
  A death knight (D:13)
  3 death yaks (Lair:6)
  An alligator (Lair:3)
  5 skeletal warriors (D:15)
  A shadow wraith (D:14)
  2 unseen horrors
  A lindwurm (Lair:6)
  A wolf spider zombie (D:15)
  10 ugly things
  2 manticores
  A necromancer (D:14)
  3 deep elf magi
  3 cyclopes
  4 elephants
  7 black mambas
  Joseph (D:7)
  5 torpor snails
  3 gargoyles
  19 spiny frogs
  3 molten gargoyles (Lair:6)
  A centaur skeleton (D:12)
  A komodo dragon (shapeshifter) (D:15)
  A freezing wraith (D:15)
  3 rime drakes
  A yaktaur (D:15)
  An efreet (D:15)
  8 komodo dragons
  2 kobold demonologists
  6 meliai
  4 trolls
  4 polar bears
  2 queen bees
  Grinder (D:4)
  30 blink frogs
  The ghost of Ijustatesigmund the Sneak, an amateur OpAs (D:4)
  The ghost of Turgon the Poker, an amateur OpFi (Ossuary)
  4 dream sheep
  14 hippogriffs
  A centaur simulacrum (D:14)
  2 wyverns (Lair:6)
  A shadow (D:13)
  6 basilisks
  6 vampire mosquitoes
  47 yaks
  A steam dragon (Lair:6)
  2 hungry ghosts (D:10)
  An acid dragon (D:13)
  4 water moccasins
  6 hell hounds
  6 porcupines
  7 orc warriors
  A black bear (D:8)
  3 sky beasts
  2 hornet zombies
  5 phantoms
  2 necrophages
  An ice beast (D:13)
  11 ogres
  7 centaurs
  14 wolves
  10 crocodiles
  8 big kobolds
  18 bullfrogs
  A gnoll sergeant (D:8)
  4 water moccasin zombies (Ossuary)
  A wyvern skeleton (D:10)
  6 scorpions
  16 wights
  60 killer bees
  4 howler monkeys
  4 lava snakes (Lair:6)
  12 crimson imps
  2 centaur zombies
  3 quasits
  6 jellies
  6 orc priests
  5 hounds
  A bullfrog skeleton (D:10)
  11 orc wizards
  6 iguanas
  10 worker ants
  4 big kobold zombies (Ossuary)
  A hound zombie (D:10)
  A hound skeleton (D:9)
  2 mummies (Ossuary)
  Robin (D:4)
  A howler monkey skeleton (D:11)
  A worker ant zombie (D:8)
  8 gnolls
  10 adders
  5 shadow imps
  3 oozes
  7 adder zombies
  4 worms (D:3)
  5 leopard geckos
  37 orcs
  7 giant cockroaches
  3 gnoll zombies (Ossuary)
  16 goblins
  12 hobgoblins
  4 jackals (D:4)
  28 kobolds
  7 quokkas
  8 bats
  3 frilled lizards
  A giant cockroach zombie (D:6)
  9 hobgoblin zombies (Ossuary)
  A kobold zombie (Ossuary)
  A leopard gecko skeleton (D:5)
  3 orc zombies (Ossuary)
  6 rats
  3 plants (D:10)
709 creatures vanquished.

Vanquished Creatures (collateral kills)
  A hydra (Lair:3)
  A catoblepas (Lair:4)
  A kobold demonologist (D:10)
  A killer bee (Lair:4)
4 creatures vanquished.

Vanquished Creatures (others)
  7 fungi
  10 plants
17 creatures vanquished.

Grand Total: 730 creatures vanquished

Notes
Turn   | Place    | Note
-------+----------+-------------------------------------------
     0 | D:1      | pappabj0rn the Minotaur Fighter began the quest for the Orb.
     0 | D:1      | Reached XP level 1. HP: 19/19 MP: 0/0
    68 | D:1      | Reached XP level 2. HP: 20/27 MP: 1/1
   181 | D:1      | Found a shattered altar of Ashenzari.
   666 | D:1      | Reached XP level 3. HP: 34/34 MP: 2/2
  1523 | D:3      | Found a shadowy altar of Dithmenos.
  1618 | D:3      | Reached skill level 1 in Short Blades
  1618 | D:3      | Reached XP level 4. HP: 41/41 MP: 3/3
  1760 | D:3      | Reached skill level 1 in Dodging
  1850 | D:3      | Found a hazy altar of Hepliaklqana.
  2285 | D:4      | Noticed Robin
  2295 | D:4      | Killed Robin
  2324 | D:4      | Found Ciusaips's Antique Armour Emporium.
  2346 | D:4      | Found Gacig's Assorted Antiques.
  2350 | D:4      | Bought a ruby potion for 23 gold pieces
  2350 | D:4      | Bought a scroll labeled CENGANATHRU for 26 gold pieces
  2350 | D:4      | Bought a scroll labeled OCKEAMN BEXEAW for 26 gold pieces
  2350 | D:4      | Bought a scroll labeled YTHRES TU OCIYDIA for 26 gold pieces
  2350 | D:4      | Noticed an ogre
  2362 | D:4      | Noticed Grinder
  2370 | D:3      | Killed an ogre
  2370 | D:3      | Reached skill level 5 in Armour
  2370 | D:3      | Reached XP level 5. HP: 35/47 MP: 4/4
  2408 | D:4      | Killed Grinder
  2408 | D:4      | Reached skill level 1 in Throwing
  2408 | D:4      | Reached XP level 6. HP: 11/55 MP: 5/5
  2671 | D:4      | Found a shimmering altar of Xom.
  2672 | D:4      | Found a shimmering altar of Xom.
  2672 | D:4      | Found a shimmering altar of Xom.
  2672 | D:4      | Found a shimmering altar of Xom.
  2680 | D:4      | Found a shimmering altar of Xom.
  2824 | D:4      | Noticed Ijustatesigmund's ghost (amateur OpAs)
  2856 | D:4      | Killed Ijustatesigmund's ghost
  2856 | D:4      | Reached skill level 5 in Shields
  2856 | D:4      | Reached XP level 7. HP: 59/60 MP: 6/6
  2965 | D:4      | Found Vopaesch's Assorted Antiques.
  3019 | D:4      | Found Pesileps's Armour Boutique.
  3072 | D:4      | Found Wiux's Book Shoppe.
  3227 | D:4      | Reached skill level 5 in Fighting
  3570 | D:5      | Entered Level 5 of the Dungeon
  3688 | D:5      | Found an iron altar of Okawaru.
  3692 | D:5      | Became a worshipper of Warmaster Okawaru
  3731 | D:5      | Reached XP level 8. HP: 53/68 MP: 7/7
  4380 | D:6      | Found a sparkling altar of Nemelex Xobeh.
  4656 | D:6      | Reached skill level 5 in Short Blades
  4672 | D:6      | Reached * piety under Okawaru
  4689 | D:6      | Found Maneosor's Assorted Antiques.
  4794 | D:6      | Bought a glowing leather armour for 145 gold pieces
  5458 | D:7      | Noticed a four-headed hydra
  5486 | D:7      | Killed a four-headed hydra
  5486 | D:7      | Reached skill level 1 in Stealth
  5486 | D:7      | Reached XP level 9. HP: 39/75 MP: 8/8
  5509 | D:7      | Gained mutation: You are frail. (-10% HP) [potion of mutation]
  5509 | D:7      | Gained mutation: You are clumsy. (Dex -2) [potion of mutation]
  5509 | D:7      | Gained mutation: Your muscles are strong. (Str +2) [potion of mutation]
  5750 | D:7      | Noticed a two-headed ogre
  5751 | D:7      | Noticed a two-headed ogre
  5808 | D:7      | Killed a two-headed ogre
  5808 | D:7      | Reached ** piety under Okawaru
  5811 | D:7      | Killed a two-headed ogre
  5811 | D:7      | Reached *** piety under Okawaru
  5811 | D:7      | Reached skill level 5 in Dodging
  5848 | D:7      | Noticed a gargoyle
  5880 | D:7      | Got a scintillating granite ring
  5908 | D:7      | Got a sapphire-encrusted plate armour
  5919 | D:7      | Identified the +13 plate armour of Modesty {rPois MR+} (You found it on level 7 of the Dungeon)
  5925 | D:7      | Reached XP level 10. HP: 63/75 MP: 9/9
  6111 | D:7      | Gained mutation: Your magical capacity is low. (-10% MP) [mutagenic meat]
  6159 | D:7      | Reached skill level 1 in Spellcasting
  6159 | D:7      | Reached XP level 11. HP: 84/84 MP: 8/10
  6166 | D:7      | Found Xaco's Assorted Antiques.
  6174 | D:7      | Bought a potion of curing for 66 gold pieces
  6177 | D:7      | Learned a level 2 spell: Slow
  6314 | D:7      | Found a staircase to the Ecumenical Temple.
  6394 | D:7      | Reached skill level 10 in Shields
  6403 | D:7      | Found a snail-covered altar of Cheibriados.
  6418 | D:7      | Reached **** piety under Okawaru
  6742 | D:7      | Found Iwuig's Magic Scroll Emporium.
  6923 | D:7      | Noticed Joseph
  6945 | D:7      | Killed Joseph
  6985 | D:7      | Identified the ring "Qun Loc" {Int+5 Stlth+} (You found it on level 7 of the Dungeon)
  7067 | D:7      | Reached skill level 5 in Throwing
  7431 | D:7      | Upgraded the game from 0.20.0-7-g3b7b877 to 0.20.0-8-g6b59dc7
  7463 | Temple   | Entered the Ecumenical Temple
  7924 | D:8      | Found a sand-covered staircase.
  7934 | Ossuary  | Entered an ossuary
  8127 | Ossuary  | Noticed Turgon's ghost (amateur OpFi)
  8145 | Ossuary  | Killed Turgon's ghost
  8306 | D:8      | Noticed a two-headed ogre
  8318 | D:8      | Killed a two-headed ogre
  8318 | D:8      | Received a gift from Okawaru
  8479 | D:8      | Found Tahael's Antique Weapon Shoppe.
  8881 | D:9      | Found Ikhiurack's Assorted Antiques.
  8890 | D:9      | Bought a tiny peridot amulet for 135 gold pieces
  8979 | D:9      | Reached ***** piety under Okawaru
  9267 | D:10     | Entered Level 10 of the Dungeon
  9322 | D:10     | Killed an unseen horror
  9958 | D:10     | Reached skill level 5 in Long Blades
 10062 | D:10     | Found a staircase to the Lair.
 10642 | Lair:1   | Entered Level 1 of the Lair of Beasts
 10659 | Lair:1   | Reached XP level 12. HP: 92/92 MP: 11/11
 10834 | Lair:1   | Reached skill level 10 in Armour
 10871 | Lair:1   | Found a blossoming altar of Fedhas.
 12013 | Lair:2   | Reached ****** piety under Okawaru
 12035 | Lair:2   | Received a gift from Okawaru
 12553 | Lair:3   | Found a staircase to the Swamp.
 13179 | Lair:3   | Reached skill level 10 in Fighting
 13475 | Lair:4   | Received a gift from Okawaru
 13531 | Lair:4   | Reached XP level 13. HP: 65/102 MP: 10/12
 13848 | Lair:4   | Found a staircase to the Snake Pit.
 14752 | Lair:3   | Reached skill level 10 in Long Blades
 14820 | Lair:3   | Received a gift from Okawaru
 17187 | Lair:4   | Received a gift from Okawaru
 18401 | Lair:6   | Entered Level 6 of the Lair of Beasts
 18404 | Lair:6   | Found a viscous altar of Jiyva.
 18404 | Lair:6   | Found a staircase to the Slime Pits.
 18639 | Lair:6   | Noticed MTVSty1e's ghost (journeyman MiMo)
 19029 | Lair:6   | Received a gift from Okawaru
 19330 | Lair:6   | Found a snail-covered altar of Cheibriados.
 19440 | Lair:6   | Received a gift from Okawaru
 19477 | Lair:6   | Reached XP level 14. HP: 98/114 MP: 10/13
 19548 | Lair:6   | Received a gift from Okawaru
 20105 | Lair:6   | Found a large runed door.
 20105 | Lair:6   | Found a large runed door.
 20684 | Lair:6   | Killed MTVSty1e's ghost
 22113 | D:12     | Received a gift from Okawaru
 22135 | D:12     | Found a staircase to the Orcish Mines.
 23422 | D:13     | Identified the Papyrus of Enchanting Transformation
 23501 | D:13     | Received a gift from Okawaru
 23504 | D:13     | Got a twisted hat {god gift}
 23515 | D:13     | Identified the +1 hat of Vuopnal {Str+5 Int-4} (Okawaru gifted it to you on level 13 of the Dungeon)
 23528 | D:13     | Found Jelaak's Antique Armour Shoppe.
 23722 | D:13     | Gained mutation: You are partially covered in thin metallic scales. (AC +2) [mutagenic meat]
 23723 | D:13     | Gained mutation: You have a pair of large horns on your head. [mutagenic meat]
 23726 | D:13     | Gained mutation: Your spells are a little harder to cast, but a little more powerful. [mutagenic meat]
 24117 | D:14     | Reached XP level 15. HP: 123/123 MP: 14/14
 24771 | D:14     | Found a gate to the Vaults.
 25176 | D:15     | Entered Level 15 of the Dungeon
 25353 | D:15     | Found a labyrinth entrance.
 25420 | D:15     | Found Meuluqiu's Gadget Shoppe.
 25434 | D:15     | Found a basalt altar of Yredelemnul.
 25636 | D:15     | Received a gift from Okawaru
 25654 | D:15     | Gained mutation: You have sharp fingernails. [mutagenic meat]
 25655 | D:15     | Lost mutation: You are frail. (-10% HP) [mutagenic meat]
 25656 | D:15     | Lost mutation: You are clumsy. (Dex -2) [mutagenic meat]
 25697 | D:15     | HP: 9/208 [five-headed hydra[a boggart] (2)]
 25699 | D:15     | Slain by a four-headed hydra

Skill      XL: |  1  2  3  4  5  6  7  8  9 10 11 12 13 14 15 |
---------------+----------------------------------------------+-----
Fighting       | 4 5 6 7 8 10 12 13 14 | 14.6
Armour         | 4 5 6 7 8 9 11 12 | 12.9
Shields        | 4 5 6 7 9 11 12 13 14 | 14.2
Short Blades   | 1 2 3 4 6 7 8 |  8.6
Dodging        | 1 2 3 5 6 |  6.4
Throwing       | 1 2 4 5 6 7 8 9 |  9.5
Stealth        | 1 2 |  2.9
Long Blades    | 2 5 9 11 13 | 13.9
Axes           | 3 |  3.9
Slings         | 2 |  2.9
Bows           | 2 |  2.2
Unarmed Combat | 2 |  2.3
Spellcasting   | 1 |  1.4
Invocations    | 2 |  2.2
Evocations     | 2 |  2.2

Action                   |  1- 3 |  4- 6 |  7- 9 | 10-12 | 13-15 || total
-------------------------+-------+-------+-------+-------+-------++-------
Melee: War axe           |    18 |       |       |       |       ||    18
       Headbutt          |    14 |    30 |    61 |   256 |   390 ||   751
       Dagger            |    96 |   118 |   327 |   402 |       ||   943
       Long sword        |       |       |       |   656 |  1232 ||  1888
       Hunting sling     |       |       |       |       |     3 ||     3
       Double sword      |       |       |       |       |   167 ||   167
       Scimitar          |       |       |       |       |    22 ||    22
 Fire: Blowgun           |       |     9 |     7 |     7 |       ||    23
       Hunting sling     |       |       |       |    15 |    55 ||    70
Throw: Javelin           |       |       |     2 |    40 |     5 ||    47
       Stone             |       |       |       |     1 |    59 ||    60
       Tomahawk          |       |       |       |       |     9 ||     9
Invok: Heroism           |       |       |       |       |     4 ||     4
Evoke: Wand              |       |       |     2 |    14 |    20 ||    36
       Phial of floods   |       |       |       |     1 |     2 ||     3
  Use: Potion            |       |       |    16 |     3 |    18 ||    37
       Scroll            |       |       |     2 |    26 |    14 ||    42
 Stab: Sleeping          |       |       |     1 |       |       ||     1
       Invisible         |       |       |       |       |     1 ||     1
  Eat: Chunk             |     1 |     1 |     4 |    16 |    17 ||    39
       Bread ration      |     1 |       |     1 |       |     3 ||     5
       Meat ration       |       |       |     1 |     3 |     2 ||     6
       Fruit             |       |       |       |     2 |     5 ||     7
       Royal jelly       |       |       |       |       |     2 ||     2
Armor: Scale mail        |    44 |    41 |    28 |       |       ||   113
       Leather armour    |       |       |    12 |       |       ||    12
       Chain mail        |       |       |     6 |       |       ||     6
       Skin              |       |       |    12 |       |     5 ||    17
       Plate armour      |       |       |     1 |   448 |   867 ||  1316
Dodge: Dodged            |    26 |    28 |    76 |   467 |   796 ||  1393
Block: Shield            |    48 |    45 |   120 |   648 |  1106 ||  1967
       Rpst.: Long sword |       |       |       |   102 |   158 ||   260
       Double sword      |       |       |       |       |    11 ||    11
       Scimitar          |       |       |       |       |     1 ||     1
